[Event "CCT9"]
[Site "chessclub.com"]
[Date "2007.02.17"]
[Round "1"]
[White "Buzz"]
[Black "TerraPi"]
[Result "0-1"]
[WhiteElo "2829"]
[BlackElo "2514"]
[TimeControl "3000+3"]
[Annotator "8. +0.11"]

1. c4 e6 2. d4 c5 3. d5 exd5 4. cxd5 Nf6 5. Nc3 d6 6. e4 Be7 7. Be2 Qa5 8.
Kf1 {+0.11/12} O-O 9. f4 {+0.29/12} Na6 10. e5 {+0.49/12} Ne8 11.
a3 {+0.59/11} Qc7 12. Nf3 {+0.51/12} Bg4 13. Bxa6 {+0.46/12} bxa6 14.
exd6 {+0.43/13} Nxd6 15. h3 {+0.42/12} Bd7 16. g4 {+0.45/11} Bf6 17.
Kg2 {+0.33/12} Rfe8 18. Re1 {+0.24/11} Rxe1 19. Nxe1 {+0.12/12} Re8 20.
Nd3 {-0.77/12} Nc4 21. Qf3 {-0.34/11} Bd4 22. Kg3 {-0.15/11} h5 23.
gxh5 {-0.31/11} Bf5 24. Kh2 {-0.54/11} Qb8 25. h6 {-1.13/12} Qb3 26.
Ne5 {-3.20/12} Nxe5 27. fxe5 {-3.27/12} Bxe5+ 28. Kg2 {-3.77/12} Qc2+ 29.
Qe2 {-3.69/13} Be4+ 30. Kf2 {-2.98/13} Bd4+ 31. Kg3 {-2.98/12} Qb3 32.
Kh4 {-3.22/11} Bf6+ 33. Bg5 {-5.33/13} Bxg5+ 34. Kxg5 {-5.33/13} f6+ 35.
Kh4 {-5.71/14} g5+ 36. Kh5 {-6.63/14} Kf7 37. Re1 {-7.47/14} Bg6+ 38.
Kg4 {-7.74/15} Rxe2 39. Rxe2 {-8.77/14} Bd3 40. Rf2 {-8.87/13} Bf1 41.
Rxf1 {-9.76/13} Qxb2 42. Kg3 {-8.66/12} Qxc3+ 43. Rf3 {-8.65/11} Qe5+ 44.
Kf2 {-8.73/11} Qxd5 45. Ke2 {-8.91/11} Kg6 46. h7 {-8.92/10} Kxh7 47.
Rc3 {-9.98/11} Qd4 48. Rd3 {-10.02/11} Qe5+ 49. Re3 {-10.28/11} Qb2+ 50.
Kd3 {-12.50/11} Qd4+ 51. Ke2 {-13.67/11} c4 52. Re7+ {-13.81/11} Kh6 53.
Kf1 {-14.03/11} Qd1+ 54. Re1 {-13.99/11} Qf3+ 55. Kg1 {-15.05/11} c3 56.
Rf1 {-22.74/10} Qg3+ 57. Kh1 {-23.95/10} c2 58. h4 {-319.88/20} Kh5 59.
Rc1 {-319.90/128} Kxh4 60. Rxc2 {-319.92/128} Kh3 61. Re2 {-319.94/128}
Qf3+ 62. Kg1 {-319.96/128} Qxe2 63. a4 {-319.98/128} Qg2#
{Buzz checkmated} 0-1

[Event "CCT9"]
[Site "chessclub.com"]
[Date "2007.02.17"]
[Round "2"]
[White "HomerX"]
[Black "Buzz"]
[Result "1-0"]
[WhiteElo "2353"]
[BlackElo "2829"]
[TimeControl "3000+3"]
[Annotator "8... -0.19"]

1. e4 d5 2. exd5 Qxd5 3. Nc3 Qa5 4. d4 Nf6 5. Nf3 c6 6. Bc4 Bg4 7. Bd2 Qc7
8. h3 Bxf3 {-0.19/13} 9. Qxf3 e6 {-0.26/12} 10. O-O-O Nbd7 {-0.17/12} 11.
g4 Nb6 {-0.14/12} 12. Bb3 a5 {-0.15/12} 13. Rhe1 a4 {+0.84/13} 14. Bxe6
fxe6 {+0.78/12} 15. Rxe6+ Kf7 {+0.78/12} 16. Rde1 a3 {+0.73/12} 17. b3
h6 {+0.74/12} 18. Ne4 Nd7 {+0.86/12} 19. Bf4 Qa5 {+0.94/12} 20. Nxf6
Nxf6 {+0.96/12} 21. Qd3 Qd5 {+1.15/11} 22. R6e5 Qd7 {+1.07/12} 23. Rf5
Kg8 {+1.07/11} 24. c4 Bb4 {+1.03/12} 25. Re2 Be7 {+1.03/12} 26. Be5
b6 {+1.03/11} 27. Rf3 Kf7 {+1.01/12} 28. Rfe3 Ra7 {+1.03/10} 29. f4
Qc8 {+0.79/12} 30. g5 Ne8 {+0.00/13} 31. g6+ Kf8 {-0.75/14} 32. Kb1
Rg8 {-0.30/13} 33. d5 c5 {-2.77/14} 34. d6 Bh4 {-4.79/13} 35. Bc3
Nf6 {-4.62/13} 36. Re7 Rxe7 {-6.58/13} 37. Rxe7 Qa8 {-12.71/14} 38. Bxf6
Qh1+ {-15.57/14} 39. Kc2 Qh2+ {-319.78/14} 40. Re2 gxf6 {-319.86/14} 41.
Rxh2 Kg7 {-319.88/17} 42. Qd5 Rf8 {-319.90/34} 43. Rg2 Bg5 {-319.92/128}
44. f5 Kh8 {-319.94/128} 45. Qb7 Rf7 {-319.96/128} 46. Qxf7
h5 {-319.98/128} 47. Qh7#
{Buzz checkmated} 1-0

[Event "CCT9"]
[Site "chessclub.com"]
[Date "2007.02.17"]
[Round "3"]
[White "Buzz"]
[Black "Tornado-C"]
[Result "1-0"]
[WhiteElo "2829"]
[BlackElo "2482"]
[TimeControl "3000+3"]
[Annotator "18. -0.42"]

1. e4 c5 2. Nf3 d6 3. d4 cxd4 4. Nxd4 Nf6 5. Nc3 a6 6. Be3 e5 7. Nf3 Be7 8.
Bc4 Be6 9. Bxe6 fxe6 10. Ng5 Qd7 11. Qf3 d5 12. exd5 exd5 13. O-O-O d4 14.
Nce4 O-O 15. Bd2 Nxe4 16. Qb3+ Kh8 17. Nxe4 a5 18. a4 {-0.42/12} Na6 19.
Kb1 {-0.34/12} Nb4 20. c3 {-0.18/12} Qc6 21. f3 {-0.09/13} Nd5 22.
cxd4 {+0.03/12} exd4 23. Rc1 {+0.05/12} Qd7 24. Rhd1 {+0.12/12} Rfd8 25.
Rc4 {+0.78/12} Nf6 26. Ng3 {+0.74/12} Qd5 27. Be3 {+0.76/13} b5 28.
axb5 {+0.77/13} a4 29. Qa2 {+0.59/12} Bc5 30. Bxd4 {+1.32/13} Bxd4 31.
Rdxd4 {+1.41/14} Qxd4 32. Rxd4 {+1.50/14} Rxd4 33. Qa3 {+1.10/14} Rb8 34.
Nf5 {+1.91/13} Rd5 35. Nd6 {+1.88/12} h6 36. Qb4 {+1.88/12} Rb6 37.
Nc4 {+1.88/14} Rbxb5 38. Qxa4 {+1.91/13} Rb8 39. g3 {+1.87/12} Rd3 40.
Qa7 {+1.76/13} Re8 41. f4 {+1.13/13} Rd7 42. Qa3 {+1.88/12} Rd1+ 43.
Ka2 {+1.62/13} Rdd8 44. Qf3 {+1.86/12} Ra8+ 45. Kb1 {+1.95/12} Re1+ 46.
Kc2 {+1.97/12} Rd8 47. b3 {+1.86/12} Ra1 48. h3 {+1.27/13} Rda8 49.
Kc3 {+1.99/12} R8a2 50. Kb4 {+1.99/12} Re1 51. g4 {+2.02/12} Re4 52.
Kb5 {+2.09/12} Rd4 53. h4 {+2.09/12} Rd5+ 54. Kc6 {+2.11/12} Ra6+ 55.
Nb6 {+2.14/12} Rda5 56. b4 {+2.22/12} Ra3 57. Qe2 {+2.25/12} Ng8 58.
b5 {+2.42/13} Rc3+ 59. Kb7 {+2.46/13} Raa3 60. Nd5 {+2.52/13} Rc5 61.
Nc7 {+2.47/12} Ra1 62. Qe6 {+2.72/12} Rg1 63. Qg6 {+2.71/13} Rd1 64.
Qf7 {+2.71/13} Re1 65. Ne6 {+2.70/13} Rxe6 66. Qxe6 {+2.71/13} Rxb5+ 67.
Ka6 {+2.76/13} Rb8 68. g5 {+2.97/13} Rf8 69. f5 {+3.03/13} Kh7 70.
Qf7 {+5.50/14} Rxf7 71. g6+ {+8.63/17} Kh8 72. gxf7 {+6.94/15} Nf6 73.
f8=Q+ {+9.12/14} Kh7 74. Kb7 {+10.24/14} Ne4 75. Kc7 {+15.59/13} Nf6 76.
Kd8 {+319.85/14} h5
{Tornado-C resigns} 1-0

[Event "CCT9"]
[Site "chessclub.com"]
[Date "2007.02.18"]
[Round "4"]
[White "Chezzz"]
[Black "Buzz"]
[Result "1/2-1/2"]
[WhiteElo "2496"]
[BlackElo "2829"]
[TimeControl "3000+3"]
[Annotator "5... -0.11"]

1. d4 Nf6 2. Nf3 d5 3. c4 c6 4. Qc2 e6 5. Bf4 dxc4 {-0.11/12} 6. Qxc4
h6 {-0.07/11} 7. Nbd2 g5 {-0.15/12} 8. Bg3 g4 {-0.11/11} 9. Ne5
Qa5 {-0.21/11} 10. O-O-O Nbd7 {-0.26/12} 11. h3 gxh3 {-0.26/12} 12. Rxh3
Nb6 {-0.28/12} 13. Qb3 Qd5 {-0.29/11} 14. e3 Rg8 {-0.29/11} 15. Kb1
Qxb3 {-0.17/13} 16. axb3 Nbd7 {-0.24/12} 17. Be2 a5 {-0.26/13} 18. Bf3
Ra7 {-0.37/12} 19. Nec4 Rg6 {-0.33/12} 20. Nd6+ Bxd6 {-0.95/15} 21. Bxd6
Ng8 {-0.96/13} 22. Bh5 Rg7 {-0.35/13} 23. Bf3 Rg6 {+0.00/19} 24. Ne4
Kd8 {-0.98/13} 25. Rdh1 f5 {-1.03/14} 26. Nc3 Ndf6 {-0.99/14} 27. Kc2
Ng4 {-0.49/13} 28. Rf1 N8f6 {-0.74/13} 29. Bb8 Ra8 {-0.59/14} 30. Bf4
Ke7 {-0.78/13} 31. Be2 h5 {-0.82/13} 32. g3 b5 {-0.21/13} 33. f3
Nh6 {-0.60/13} 34. Ra1 Nf7 {-0.71/12} 35. Bc7 b4 {-0.73/13} 36. Bxa5
Ke8 {-0.84/13} 37. Nb1 Nd5 {-0.84/13} 38. e4 fxe4 {-0.89/14} 39. fxe4
Ne3+ {-0.86/13} 40. Kd2 e5 {-0.76/13} 41. Bxh5 Rg7 {-0.70/13} 42. Rh1
exd4 {-0.39/12} 43. Ra4 c5 {-0.20/13} 44. Bc7 Rxa4 {-0.20/14} 45. bxa4
Kd7 {-0.18/13} 46. Bf4 Ng5 {-0.22/13} 47. Bxe3 Nxe4+ {-0.30/13} 48. Kd3
dxe3 {-0.27/13} 49. Kxe3 Nxg3 {-0.27/13} 50. Rd1+ Ke7 {-0.22/13} 51. Bf3
Nf5+ {-0.21/12} 52. Kf4 Nh4 {-0.08/12} 53. Nd2 Nxf3 {-0.08/13} 54. Nxf3
Rg4+ {-0.09/12} 55. Ke3 Be6 {-0.23/12} 56. a5 Rg2 {-0.09/13} 57. Rd2
Rxd2 {+0.00/15} 58. Kxd2 Kd6 {+0.09/14} 59. a6 Kc6 {+0.09/14} 60. Ne5+
Kb6 {+0.09/15} 61. Nd3 Bf5 {+0.08/15} 62. Ke3 Bxd3 {+0.19/15} 63. Kxd3
Kxa6 {+0.36/18} 64. b3 Kb5 {+1.78/20} 65. Kd2 c4 {+1.59/18} 66. bxc4+
Kxc4 {+1.59/19} 67. Kc2 b3+ {+1.81/128} 68. Kb2 Kb4 {+0.00/128} 69. Kb1
Kc3 {+1.59/128} 70. Kc1 Kd3 {+1.81/128} 71. Kb2 Kc4 {+0.00/128} 72. Kb1
Kb4 {+0.00/128} 73. Kb2 Ka4 {+0.00/128} 74. Kb1 Ka3 {+0.00/128} 75. Ka1
b2+ {+0.00/128} 76. Kb1 Kb3 {+0.00/128}
{Chezzz stalemated} 1/2-1/2

[Event "CCT9"]
[Site "chessclub.com"]
[Date "2007.02.18"]
[Round "6"]
[White "danasah"]
[Black "Buzz"]
[Result "1-0"]
[WhiteElo "2352"]
[BlackElo "2829"]
[TimeControl "3000+3"]
[Annotator "7... -0.10"]

1. c4 c5 2. Nf3 Nf6 3. Nc3 d5 4. cxd5 Nxd5 5. e4 Nb4 6. Bc4 e6 7. d3
a6 {-0.10/12} 8. a3 N4c6 {-0.09/12} 9. Ne2 b5 {-0.01/12} 10. Bb3
h6 {-0.02/12} 11. O-O Bb7 {+0.10/12} 12. Be3 Nd7 {+0.09/12} 13. Ng3
h5 {+0.10/12} 14. h3 h4 {+0.16/12} 15. Ne2 Nde5 {+0.13/12} 16. Nxe5
Nxe5 {+0.10/13} 17. d4 Nd7 {+0.07/12} 18. d5 c4 {+0.16/13} 19. dxe6
fxe6 {+0.12/13} 20. Bc2 Bc5 {+0.09/12} 21. Nf4 Bxe3 {-0.21/12} 22. Nxe6
Qe7 {-0.50/14} 23. Nc7+ Kd8 {-0.45/14} 24. Nd5 Bxf2+ {-0.47/13} 25. Rxf2
Qc5 {-0.46/13} 26. Qg4 Bxd5 {-0.47/12} 27. exd5 c3 {-1.03/12} 28. Qxg7
Rf8 {-1.15/13} 29. Rf1 cxb2 {-1.20/12} 30. d6 Kc8 {-1.53/12} 31. Be4
Ra7 {-1.47/12} 32. Qxb2 Kb8 {-1.57/12} 33. Qb4 Qb6 {-1.53/12} 34. Qd2
Rd8 {-1.43/12} 35. Bf5 Ne5 {-1.47/13} 36. d7 Nxd7 {-1.54/13} 37. Qf4+
Qc7 {-1.48/13} 38. Qxh4 Ne5 {-1.45/11} 39. a4 Qb6 {-1.38/11} 40. Rb1
Rb7 {-1.54/11} 41. axb5 axb5 {-1.74/11} 42. Qg3 Qd4 {-1.58/12} 43. Kh2
b4 {-2.37/12} 44. Re2 Rb5 {-1.48/12} 45. Rbe1 Rdd5 {-1.44/11} 46. Be4
Rd6 {-2.81/11} 47. Ra2 Kc7 {-4.45/11} 48. Qg7+ Rd7 {-5.04/12} 49. Ra7+
Qxa7 {-5.93/14} 50. Rc1+ Qc5 {-6.02/15} 51. Qxe5+ Kb6 {-6.03/15} 52. Rxc5
Rxc5 {-6.22/15} 53. Qe6+ Kc7 {-6.22/14} 54. Qa6 Kd8 {-6.25/13} 55. Qa8+
Ke7 {-6.38/15} 56. Bc6 Rd8 {-6.37/13} 57. Qb7+ Kd6 {-6.46/14} 58. Qb6
Rxc6 {-6.42/12} 59. Qxd8+ Kc5 {-6.46/12} 60. h4 Rb6 {-6.46/11} 61. h5
b3 {-10.00/11} 62. Qf8+ Kb5 {-10.19/11} 63. h6 Rb7 {-10.19/10} 64. Qf5+
Ka4 {-10.29/10} 65. h7 Rxh7+ {-11.94/12} 66. Qxh7 Ka3 {-20.37/12} 67. Qd3
Ka2 {-18.75/13} 68. g4 b2 {-20.43/12} 69. Qc4+ Ka1 {-20.49/13} 70. Qa4+
Kb1 {-20.49/13} 71. g5 Kc1 {-20.55/12} 72. g6 b1=Q {-10.44/11} 73. Qf4+
Kd1 {-10.47/11} 74. Qf1+ Kc2 {-10.47/11} 75. Qxb1+ Kxb1 {-319.80/56} 76. g7
Kc2 {-319.82/49} 77. g8=Q Kc3 {-319.84/76} 78. Qd5 Kb2 {-319.84/76} 79. Qc4
Ka3 {-319.86/128} 80. Kg3 Kb2 {-319.88/111} 81. Qb4+ Kc2 {-319.90/128} 82.
Kf3 Kc1 {-319.92/128} 83. Qb3 Kd2 {-319.94/128} 84. Qc4 Kd1 {-319.96/128}
85. Ke3 Ke1 {-319.98/128} 86. Qc1#
{Buzz checkmated} 1-0

[Event "CCT9 Blitz Tournament"]
[Site "chessclub.com"]
[Date "2007.02.18"]
[Round "7"]
[White "Buzz"]
[Black "NatChessX"]
[Result "0-1"]
[WhiteElo "2692"]
[BlackElo "2000"]
[TimeControl "300+3"]
[Annotator "9. +0.50"]

1. c4 e5 2. Nc3 Nc6 3. g3 Nf6 4. Nf3 Bb4 5. Nd5 e4 6. Nh4 O-O 7. Bg2 Bc5 8.
O-O d6 9. Nxf6+ {+0.50/11} Qxf6 10. Bxe4 {+0.50/10} Bh3 11. Ng2 {+0.60/10}
Rae8 12. d3 {+0.77/10} h5 13. e3 {+0.97/10} h4 14. Qh5 {+1.56/11} Rxe4 15.
dxe4 {+1.51/11} Ne5 16. Qe2 {+1.45/10} Bg4 17. Qc2 {+0.44/11} h3 18.
f4 {+0.19/11} hxg2 19. Kxg2 {+0.16/11} Nc6 20. h3 {-0.42/11} Nb4 21.
Qb3 {-1.05/11} Be2 22. Rf2 {-1.03/12} Bd3 23. Kh2 {-1.07/11} Bxe4 24.
Re2 {-1.19/10} Nd3 25. Qb5 {-1.70/9} Ne5 26. Kg1 {-3.98/10} Qf5 27.
fxe5 {-6.23/10} Qf3 28. Qxb7 {-319.88/13} Bxb7 29. Rh2 {-319.90/17} Qxg3+
30. Kf1 {-319.92/128} Qxh2 31. a3 {-319.94/128} Qg2+ 32. Ke1 {-319.96/128}
Bf3 33. exd6 {-319.98/128} Qe2#
{Buzz checkmated} 0-1

[Event "CCT9 Blitz Tournament"]
[Site "chessclub.com"]
[Date "2007.02.18"]
[Round "1"]
[White "chriscon"]
[Black "Buzz"]
[Result "1-0"]
[WhiteElo "1802"]
[BlackElo "2692"]
[TimeControl "300+3"]
[Annotator "16... -0.04"]

1. e4 e5 2. Nf3 Nf6 3. Nxe5 d6 4. Nf3 Nxe4 5. d4 d5 6. Bd3 Nc6 7. O-O Be7
8. c4 Nb4 9. cxd5 Nxd3 10. Qxd3 Qxd5 11. Re1 Bf5 12. g4 Bg6 13. Nc3 Nxc3
14. Qxc3 f6 15. Bf4 Kf7 16. Re3 Rhc8 {-0.04/10} 17. Rae1 Bd6 {+0.06/11} 18.
Bg3 Bxg3 {+0.88/10} 19. hxg3 Qxa2 {+0.28/10} 20. g5 Kg8 {+0.51/10} 21. Re7
Bh5 {+0.67/9} 22. gxf6 gxf6 {-0.51/10} 23. d5 Rf8 {-0.89/10} 24. Ng5
Bg6 {-1.54/11} 25. Ne6 Rf7 {-1.87/12} 26. Rxf7 Bxf7 {-6.16/12} 27. Qxf6
Bxe6 {-6.86/13} 28. Qxe6+ Kh8 {-6.86/12} 29. Qf6+ Kg8 {-7.45/12} 30. Re5
Qb1+ {-7.87/12} 31. Kg2 Qg6 {-7.79/11} 32. Rg5 Re8 {-8.67/10} 33. Rxg6+
hxg6 {-10.23/10} 34. Qxg6+ Kf8 {-10.23/9} 35. Qf6+ Kg8 {-11.52/10} 36. Qg5+
Kf7 {-11.52/9} 37. Qf4+ Kg6 {-11.60/9} 38. Qxc7 a5 {-12.77/9} 39. d6
a4 {-12.95/9} 40. d7 Rg8 {-13.95/9} 41. d8=Q Rxd8 {-14.07/10} 42. Qxd8
Kf7 {-14.20/9} 43. f4 Ke6 {-14.38/9} 44. g4 Kf7 {-319.90/36} 45. f5
a3 {-319.92/128} 46. Qc7+ Kf6 {-319.94/128} 47. Kf3 a2 {-319.96/128} 48.
Kf4 a1=Q {-319.98/128} 49. g5#
{Buzz checkmated} 1-0

[Event "CCT9 Blitz Tournament"]
[Site "chessclub.com"]
[Date "2007.02.18"]
[Round "2"]
[White "Buzz"]
[Black "ctd"]
[Result "1-0"]
[WhiteElo "2692"]
[BlackElo "2322"]
[TimeControl "300+3"]
[Annotator "6. -0.01"]

1. d4 Nf6 2. c4 e6 3. g3 c5 4. d5 exd5 5. cxd5 Qa5+ 6. Nc3 {-0.01/10} d6 7.
f3 {+0.01/10} Be7 8. e4 {+0.15/10} O-O 9. Be3 {+0.21/10} Nbd7 10.
g4 {+0.23/10} Ne5 11. g5 {+0.35/12} Nh5 12. Be2 {+0.55/11} f5 13.
f4 {+0.75/12} Ng4 14. Bc1 {+0.76/11} g6 15. exf5 {+1.24/11} gxf5 16.
Qd3 {+1.28/11} c4 17. Qf3 {+2.02/10} b5 18. h3 {+2.08/10} Rf7 19.
Qg2 {+2.86/10} b4 20. Nd1 {+3.70/10} Ng7 21. hxg4 {+3.63/10} fxg4 22.
Bxc4 {+3.77/10} Nf5 23. Ne2 {+3.75/9} Rb8 24. Bd2 {+3.84/8} Bb7 25.
Qxg4 {+4.93/10} Qc5 26. Rc1 {+5.43/9} Rbf8 27. Qf3 {+5.41/9} Nd4 28.
Qh5 {+6.07/9} Nxe2 29. Bd3 {+7.33/11} Ng3 30. Bxh7+ {+7.82/11} Kh8 31.
Qh3 {+7.82/10} Qd4 32. Rc4 {+8.37/11} Qg7 33. Be4+ {+8.48/10} Kg8 34.
Qxg3 {+8.23/10} Rc8 35. Rxc8+ {+11.13/11} Bxc8 36. g6 {+11.07/11} Rf8 37.
Rh7 {+9.99/11} Qd4 38. Rxe7 {+9.99/10} Qf6 39. Rc7 {+10.24/10} Bf5 40.
Bxb4 {+10.84/10} Re8 41. Bc3 {+13.13/12} Rxe4+ 42. Kf2 {+13.13/11} Rd4 43.
Ne3 {+18.08/10} Rd2+ 44. Bxd2 {+26.19/10} Qxb2 45. Qh4 {+319.89/15} Qxd2+
46. Kf3 {+319.91/78} Be4+ 47. Kxe4 {+319.93/128} Qb4+ 48. Kf3 {+319.95/128}
Qxf4+ 49. Kxf4 {+319.97/128} a6 50. Qd8# {+319.99/128}
{ctd checkmated} 1-0

[Event "CCT9 Blitz Tournament"]
[Site "chessclub.com"]
[Date "2007.02.18"]
[Round "3"]
[White "Chezzz"]
[Black "Buzz"]
[Result "1-0"]
[WhiteElo "2693"]
[BlackElo "2692"]
[TimeControl "300+3"]
[Annotator "6... -0.19"]

1. c4 c5 2. Nf3 Nf6 3. Nc3 b6 4. e3 g6 5. d4 Bg7 6. d5 d6 {-0.19/11} 7. e4
h6 {-0.21/11} 8. Bd2 Bg4 {-0.17/10} 9. Be2 Nbd7 {-0.10/12} 10. O-O
Bxf3 {-0.10/10} 11. Bxf3 a6 {-0.11/10} 12. Be2 Ng8 {-0.07/10} 13. a4
Bd4 {-0.02/12} 14. Qc2 Ngf6 {-0.04/12} 15. a5 bxa5 {+0.08/11} 16. Ra3
Rb8 {-0.01/11} 17. Rfa1 Qb6 {-0.05/11} 18. R1a2 g5 {-0.08/10} 19. Rxa5
Ra8 {-0.08/11} 20. Nb5 O-O {-0.03/10} 21. h4 gxh4 {-0.48/9} 22. Bxh6
Rfb8 {-0.61/10} 23. Bg5 Qb7 {-0.88/10} 24. Nxd4 cxd4 {-1.04/10} 25. Bxh4
Qb4 {-1.10/9} 26. Qd1 Nxe4 {-1.19/10} 27. Bxe7 Re8 {-1.10/9} 28. Bh4
Qd2 {-0.98/10} 29. Rxa6 Rxa6 {-0.96/11} 30. Rxa6 Qxb2 {-0.98/10} 31. Bd3
Ndc5 {-1.15/11} 32. Bxe4 Nxe4 {-2.29/10} 33. Ra7 d3 {-2.24/11} 34. Qf3
Qg7 {-2.22/11} 35. Qxd3 Qg4 {-2.22/11} 36. g3 Nc5 {-2.18/10} 37. Qc3
Ne4 {-2.35/11} 38. Qe3 Nf6 {-2.51/11} 39. Qg5+ Qxg5 {-2.53/15} 40. Bxg5
Ne4 {-2.53/13} 41. Bf4 Rc8 {-2.66/14} 42. f3 Nf6 {-2.71/14} 43. Ra4
Ne8 {-2.65/15} 44. Kf2 f6 {-2.61/13} 45. Ke3 Kf8 {-2.68/13} 46. Kd4
Ke7 {-2.71/13} 47. Ra7+ Rc7 {-2.92/14} 48. Rxc7+ Nxc7 {-2.92/13} 49. c5
Kd7 {-3.74/12} 50. Bxd6 Nb5+ {-3.92/13} 51. Kd3 Nxd6 {-4.12/15} 52. cxd6
Kxd6 {-11.69/17} 53. Ke4 Kc5 {-11.75/19} 54. d6 Kxd6 {-10.20/21} 55. Kf5
Ke7 {-10.20/19} 56. f4 Kf7 {-10.38/20} 57. g4 Kg7 {-10.47/20} 58. Ke6
Kg6 {-10.47/17} 59. f5+ Kg5 {-10.53/20} 60. Kf7 Kxg4 {-319.76/19} 61. Kxf6
Kf4 {-319.78/19} 62. Ke6 Kg5 {-319.80/17} 63. f6 Kf4 {-319.82/16} 64. Kd5
Kg4 {-319.84/18} 65. Ke4 Kg5 {-319.86/79} 66. f7 Kf6 {-319.88/88} 67. f8=Q+
Ke6 {-319.90/107} 68. Qd8 Kf7 {-319.92/128} 69. Kf5 Kg7 {-319.94/128} 70.
Qc7+ Kf8 {-319.96/128} 71. Kf6 Ke8 {-319.98/128} 72. Qe7#
{Buzz checkmated} 1-0

[Event "CCT9 Blitz Tournament"]
[Site "chessclub.com"]
[Date "2007.02.18"]
[Round "4"]
[White "Buzz"]
[Black "ProphetX"]
[Result "1-0"]
[WhiteElo "2692"]
[BlackElo "2426"]
[TimeControl "300+3"]
[Annotator "10. +0.37"]

1. e4 d6 2. d4 Nf6 3. Nc3 g6 4. Nf3 Bg7 5. h3 O-O 6. Be3 a6 7. a4 b6 8. e5
Nfd7 9. exd6 cxd6 10. Bc4 {+0.37/10} Nc6 11. Bd5 {+0.42/9} Qc7 12.
Bxc6 {+0.31/10} Qxc6 13. a5 {+0.17/10} Rb8 14. axb6 {+0.18/10} Nxb6 15.
Qe2 {-0.94/10} Nc4 16. b3 {-1.03/10} Ne5 17. Kd2 {-0.03/11} Nxf3+ 18.
Qxf3 {-0.01/12} Qxf3 19. gxf3 {+0.00/11} Bb7 20. Rhg1 {-0.03/11} f5 21.
f4 {-0.09/11} Bf6 22. Kd3 {-0.09/11} e6 23. Rge1 {-0.13/10} Rfc8 24.
Bd2 {-0.09/11} Kf7 25. f3 {-0.08/11} Rc7 26. Ra5 {-0.13/10} Rbc8 27.
Rf1 {-0.10/10} Be7 28. Ra2 {-0.06/11} d5 29. Rfa1 {-0.02/11} Ke8 30.
Rb2 {+0.00/11} Rc6 31. b4 {+0.10/12} R6c7 32. Na4 {+0.06/13} Bc6 33.
Nc5 {+0.04/13} Bb5+ 34. Ke3 {+0.04/12} Rc6 35. Be1 {+0.10/12} h5 36.
Bc3 {+0.08/12} R8c7 37. Rba2 {+0.10/12} Bc4 38. Ra3 {+0.07/12} Bf8 39.
Bd2 {+0.15/12} Bxc5 40. dxc5 {+0.40/14} Rb7 41. Rg1 {+0.40/13} Kf7 42.
Raa1 {+0.40/12} Rc8 43. Bc3 {+0.43/12} Rd8 44. Rgd1 {+0.40/12} Bb5 45.
h4 {+0.41/12} Re7 46. Rd2 {+0.42/13} Rg8 47. Rg2 {+0.42/13} Rc7 48.
Be5 {+0.41/13} Ra7 49. Kd4 {+0.40/13} Raa8 50. Kc3 {+0.43/14} Rac8 51.
Kb2 {+0.43/13} Bc4 52. Kc1 {+0.43/12} Bf1 53. Rd2 {+0.43/13} Bb5 54.
Kb2 {+0.43/14} Ra8 55. Rg2 {+0.43/13} Bc6 56. Kb3 {+0.43/13} Ra7 57.
Bc3 {+0.43/12} Bb5 58. Kb2 {+0.42/12} Rd7 59. Bd4 {+0.43/12} Rb7 60.
Kc3 {+0.43/13} Rbb8 61. Rgg1 {+0.43/12} Ke7 62. Be5 {+0.44/12} Rbc8 63.
Rg5 {+0.43/12} Bc4 64. Rg2 {+0.44/13} Kf7 65. Bd6 {+0.44/12} Rh8 66.
Kd4 {+0.44/13} Bb5 67. Ke3 {+0.43/13} Rh6 68. Be5 {+0.52/14} Rg8 69.
c6 {+0.78/13} Ke8 70. c7 {+1.07/12} Kf7 71. Rag1 {+1.21/12} Ra8 72.
Kd4 {+1.28/13} Bc4 73. Kc5 {+2.25/12} Bb5 74. Kb6 {+2.46/13} Bd7 75.
Kb7 {+2.61/14} Rf8 76. Kxa6 {+2.68/13} Bc8+ 77. Ka7 {+2.68/14} Bd7 78.
Ra1 {+2.68/12} Kg8 79. Kb7 {+3.69/12} Bc8+ 80. Kc6 {+4.92/13} Re8 81.
b5 {+4.98/12} Rh7 82. b6 {+6.08/11} Rhe7 83. Rxg6+ {+8.40/11} Kh7 84.
Rag1 {+12.83/11} Bd7+ 85. Kc5 {+27.76/12} Ra8 86. b7 {+20.25/9} Rc8 87.
bxc8=Q {+319.91/24} Bxc8 88. Rg8 {+319.93/128} Rxc7+ 89. Bxc7 {+319.95/128}
Bd7 90. Be5 {+319.97/128} Kh6 91. Rh8# {+319.99/128}
{ProphetX checkmated} 1-0

[Event "CCT9 Blitz Tournament"]
[Site "chessclub.com"]
[Date "2007.02.18"]
[Round "5"]
[White "Neurosis"]
[Black "Buzz"]
[Result "0-1"]
[WhiteElo "2079"]
[BlackElo "2692"]
[TimeControl "300+3"]
[Annotator "4... -0.07"]

1. Nf3 Nf6 2. d4 g6 3. Nc3 d5 4. e3 h6 {-0.07/10} 5. Bb5+ c6 {-0.06/12} 6.
Bd3 Bg4 {+0.02/11} 7. h3 Bxf3 {+0.00/12} 8. Qxf3 Nbd7 {+0.03/11} 9. O-O
e5 {+0.12/12} 10. Qg3 Bd6 {+0.25/10} 11. f3 exd4 {+0.25/11} 12. Qxd6
dxc3 {+0.24/11} 13. bxc3 Nb6 {+0.25/10} 14. Qb4 Rc8 {+0.15/10} 15. e4
c5 {+0.27/10} 16. Qb5+ Rc6 {+0.31/10} 17. exd5 Qxd5 {+0.32/10} 18. Re1+
Kf8 {+0.19/10} 19. c4 Qd4+ {+0.03/11} 20. Be3 Qd6 {+0.00/11} 21. a4
Kg7 {+0.12/9} 22. a5 Nbd7 {+0.17/10} 23. Qb2 b6 {+0.02/10} 24. Qc3
bxa5 {+0.07/10} 25. Rxa5 a6 {+0.03/10} 26. Qd2 Qc7 {+0.03/9} 27. Bf4
Qc8 {+0.00/9} 28. c3 g5 {+0.02/10} 29. Bg3 Re8 {-0.02/10} 30. Rxe8
Qxe8 {+0.00/11} 31. Bf5 Nb6 {+0.00/11} 32. Qd3 Nc8 {-0.10/10} 33. h4
Ne7 {-0.94/10} 34. hxg5 hxg5 {-0.90/11} 35. Qe3 Qd8 {-0.93/10} 36. Qxg5+
Kf8 {-0.98/11} 37. Ra1 Nxf5 {-1.04/12} 38. Qxf5 Qd7 {-1.04/10} 39. Qe5
Qe7 {-1.07/11} 40. Qg5 Nd7 {-1.16/10} 41. Qd5 Rg6 {-1.09/10} 42. Re1
Re6 {-1.22/11} 43. Re4 Kg7 {-1.17/12} 44. Bh4 Qe8 {-1.11/12} 45. Qg5+
Kf8 {-1.08/12} 46. Qh5 Kg7 {-1.10/12} 47. Qg5+ Kf8 {+0.00/17} 48. Qh5
Kg7 {+0.00/17} 49. Qg4+ Kh7 {-1.14/13} 50. Qf5+ Kg7 {-1.14/13} 51. Rg4+
Rg6 {-1.13/12} 52. Re4 Re6 {+0.00/16} 53. Rf4 Rd6 {-0.86/10} 54. Bf2
Rg6 {-1.19/10} 55. Re4 Qd8 {-1.22/10} 56. Bxc5 Nxc5 {-1.07/11} 57. Qe5+
Kh7 {-0.95/12} 58. Qh5+ Kg7 {-0.95/12} 59. Qxc5 Qd1+ {-0.87/11} 60. Kh2
Rh6+ {-0.97/11} 61. Kg3 Rg6+ {-0.97/10} 62. Kh2 Rh6+ {+0.00/13} 63. Kg3
Rg6+ {+0.00/13} 64. Rg4 Qe1+ {-0.95/10} 65. Kf4 Qc1+ {-0.95/9} 66. Qe3
Rxg4+ {-0.94/9} 67. fxg4 Qf1+ {-0.92/9} 68. Ke4 Qxg2+ {-0.87/9} 69. Kd3
Qxg4 {-0.63/9} 70. Qd4+ Qxd4+ {-0.39/15} 71. cxd4 Kf6 {-0.85/15} 72. c5
Ke7 {+0.10/15} 73. d5 f5 {+0.13/14} 74. Kd4 f4 {+1.62/13} 75. d6+
Ke6 {+6.91/14} 76. Kc4 f3 {+8.79/14} 77. Kd3 a5 {+10.23/13} 78. Ke3
a4 {+10.38/14} 79. Kxf3 a3 {+10.38/12} 80. Ke4 a2 {+10.44/11} 81. Kd4
a1=Q+ {+10.41/9} 82. Kd3 Qf1+ {+10.44/9} 83. Kd2 Qf2+ {+10.47/9} 84. Kd3
Qxc5 {+10.50/9} 85. d7 Qd5+ {+10.53/10} 86. Kc3 Qxd7 {+10.56/10} 87. Kc4
Qd2 {+319.89/29} 88. Kb5 Kd6 {+319.91/71} 89. Kc4 Kc6 {+319.93/128} 90. Kb3
Kb5 {+319.95/128} 91. Ka3 Kc4 {+319.97/128} 92. Ka4 Qb4# {+319.99/128}
{Neurosis checkmated} 0-1